 Dungeon Crawl Stone Soup version 0.29-a0-609-gb56f46d856 (webtiles) character file.

Game seed: 13294313388558788863

40597 Gargoyl the Spear-Bearer (level 14, -4/138 HPs)
             Began as a Gargoyle Berserker on June 16, 2022.
             Was a Priest of Trog.
             Slain by a dream sheep (7 damage)
             ... on level 6 of the Lair of Beasts.
             The game lasted 00:28:44 (19777 turns).

Gargoyl the Spear-Bearer (Gargoyle Berserker)      Turns: 19777, Time: 00:28:45

Health: -4/138     AC: 31    Str: 24    XL:     14   Next: 11%
Magic:  4/4        EV: 14    Int:  9    God:    Trog [***...]
Gold:   667        SH:  0    Dex: 13    Spells: 13/13 levels left

rFire   + + +      SeeInvis +   D - +9 trident of Luxury {antimagic, rF+ rCorr Str+3}
rCold   . . .      Faith    .   (no shield)
rNeg    + . .      Spirit   .   k - +0 ring mail {rF+}
rPois   ∞          Reflect  .   B - +0 helmet {SInv}
rElec   +          Harm     .   f - +2 cloak
rCorr   +          Rampage  .   g - +1 pair of gloves
Will    +++..      Clarity  +   (no boots)
Stlth   ..........              (no amulet)
HPRegen 1.33/turn               m - ring of protection from fire
MPRegen 0.09/turn               C - +4 ring of protection

@: berserking, strong-willed, flying, regenerating, very quick
A: sickness immunity, AC +10, big wings, negative energy resistance 1,
electricity resistance, torment resistance 1, petrification resistance,
iridescent scales 1, clarity, MP-powered wands
a: Renounce Religion, Berserk, Trog's Hand


You were on level 6 of the Lair of Beasts.
You worshipped Trog.
Trog was most pleased with you.
You visited 2 branches of the dungeon, and saw 15 of its levels.

You collected 1094 gold pieces.
You spent 427 gold pieces at shops.

Inventory:

Hand Weapons
 a - a +3 hand axe
 e - a +2 short sword of draining
 w - a +8 flail
 D - the +9 trident of Luxury (weapon) {antimagic, rF+ rCorr Str+3}
   (You bought it in a shop on level 8 of the Dungeon)

   It reduces the magical energy of the wielder, and disrupts the spells and
   magical abilities of those it strikes.
   Natural abilities and divine invocations are not affected.
   Str:       It affects your strength (+3).
   rF:        It protects you from fire.
   rCorr:     It protects you from acid and corrosion.
Missiles
 b - 38 poisoned darts (quivered)
 v - a throwing net
Armour
 f - a +2 cloak (worn)
 g - a +1 pair of gloves (worn)
 k - a +0 ring mail of fire resistance (worn)
 B - a +0 helmet of see invisible (worn)
 H - a +4 chain mail
Jewellery
 i - a +6 ring of dexterity
 m - a ring of protection from fire (left hand)
 y - a ring of magical power
 C - a +4 ring of protection (right hand)
 K - a ring of resist corrosion
Wands
 x - a wand of acid (5)
 z - a wand of paralysis (13)
 E - a wand of mindburst (7)
 G - a wand of flame (21)
Scrolls
 h - a scroll of magic mapping
 n - 3 scrolls of blinking
 r - 4 scrolls of teleportation
 s - a scroll of silence
 I - 2 scrolls of identify
 L - 2 scrolls of enchant armour
 M - a scroll of fog
Potions
 c - 3 potions of berserk rage
 d - a potion of ambrosia
 j - a potion of cancellation
 l - 2 potions of mutation
 o - 7 potions of curing
 p - a potion of lignification
 q - 2 potions of attraction
 t - 4 potions of haste
 u - 2 potions of heal wounds
 A - a potion of resistance
 F - 2 potions of magic


   Skills:
 + Level 12.0 Fighting
 + Level 7.1 Short Blades
 + Level 4.1(9.7) Axes
 + Level 6.0(6.8) Maces & Flails
 + Level 12.3(12.6) Polearms
 + Level 0.1 Throwing
 + Level 10.1 Armour
 + Level 8.3 Dodging
 + Level 4.0 Stealth
 + Level 1.7 Evocations


You had 13 spell levels left.
You didn't know any spells.
Your spell library was empty.

Dungeon Overview and Level Annotations

Branches:
Dungeon (9/15)             Temple (0/1) D:6            Lair (6/6) D:9
 Shoals (0/4) Lair:3        Snake (0/4) Lair:2          Orc (0/2) D:9
  Slime: Lair:5-6

Altars:
Dithmenos
Qazlal
Trog
Xom

Shops:
D:5 *[*(   D:8 ((((


Innate Abilities, Weirdness & Mutations

You are immune to sickness and miasma.
Your stone body is resilient. (AC +10)
You are immune to poison.
Your large and strong wings let you fly.
You resist negative energy. (rN+)
You are resistant to electric shocks. (rElec)
You are resistant to unholy torment.
You are immune to petrification.
You are partially covered in iridescent scales. (AC +2)
You possess an exceptional clarity of mind.
You expend magic power (3 MP) to strengthen your wands.


Message History

The water moccasin is severely wounded.
Unknown command.
You miss the water moccasin.
The water moccasin is severely wounded.
The water moccasin misses you. The dream sheep bites you.
* * * LOW HITPOINT WARNING * * *
The dream sheep closely misses you. The dream sheep bites you.
* * * LOW HITPOINT WARNING * * *
The dream sheep closely misses you.
You puncture the water moccasin!
You kill the water moccasin!
Trog accepts your kill.
Unknown command.
You puncture the dream sheep!
The dream sheep is heavily wounded.
The dream sheep barely misses you.
The dream sheep bites you but does no damage.
The dream sheep bites you!
* * * LOW HITPOINT WARNING * * *
Unknown command.
You impale the dream sheep!!
You kill the dream sheep!
Trog accepts your kill.
Unknown command.
You puncture the dream sheep!
The dream sheep is moderately wounded.
The dream sheep bites you!
* * * LOW HITPOINT WARNING * * *
The dream sheep misses you. The dream sheep barely misses you.
The dream sheep bites you.
* * * LOW HITPOINT WARNING * * *
You puncture the dream sheep!
The dream sheep is severely wounded.
Unknown command.
You are too berserk!
You barely miss the dream sheep.
The dream sheep is severely wounded.
The dream sheep bites you but does no damage. x2
The dream sheep bites you!
You die...

..###..P.... ..#P......
. #.P.P.P.#
..##....P..# #####.
........P#.##......
...................
...................
.......Y†Y.........
.......Y@†.$.../....$#
PP...[/Y###!...P##...#
#........ #...###....#
####...P...
#.P...#P...#
.....##..###....#.P..P#
..... ....##..........
...###...........#.
...##...###....#...
##.P#...#####.###..##


You could see 4 dream sheep.

Vanquished Creatures
  Josephine (Lair:4)
  3 hydras
  10 death yaks
  Pikel (D:4)
  4 oklob plants (Lair:4)
  6 elephants
  Joseph (D:9)
  4 black mambas
  Maggie (D:7)
  7 cane toads
  6 komodo dragons
  2 rime drakes
  Psyche (D:9)
  A troll (D:9)
  Grinder (D:5)
  3 polar bears
  25 blink frogs
  7 dream sheep (Lair:6)
  Sigmund (D:3)
  5 wraiths
  3 wyverns
  33 yaks
  Eustachio (D:4)
  4 basilisks
  Grum (D:9)
  An acid dragon (D:9)
  A floating eye (Lair:4)
  Duvessa (D:7)
  16 water moccasins
  3 black bears
  5 orc warriors (D:9)
  6 ogres
  17 wolves
  5 centaurs
  A phantom (D:6)
  4 kobold brigands
  13 bullfrogs
  2 gnoll sergeants
  A necrophage (D:4)
  A scorpion (D:6)
  13 wights
  Dowan (D:7)
  A howler monkey (D:7)
  3 jellies
  A gnoll shaman (D:8)
  10 hounds
  An orc priest (D:6)
  Natasha (thrice) (D:3)
  2 iguanas
  An orc wizard (D:9)
  7 hell rats (Lair:3)
  19 gnolls
  16 river rats (Lair:3)
  6 adders
  2 shadow imps
  2 white imps
  3 worms
  18 orcs
  6 endoplasms
  A giant cockroach (D:1)
  12 goblins
  4 hobgoblins
  6 jackals
  8 quokkas
  9 ball pythons
  6 bats
  3 frilled lizards
  16 kobolds
  17 rats
406 creatures vanquished.

Vanquished Creatures (collateral kills)
  A kobold (D:6)
1 creature vanquished.

Vanquished Creatures (others)
  18 fungi
  39 plants
57 creatures vanquished.

Grand Total: 464 creatures vanquished

Notes
Turn   | Place    | Note
-------+----------+-------------------------------------------
     0 | D:1      | Gargoyl the Gargoyle Berserker began the quest for the Orb.
     0 | D:1      | Reached XP level 1. HP: 14/14 MP: 1/1
   160 | D:1      | Found a faded altar of an unknown god.
   354 | D:1      | Reached XP level 2. HP: 19/19 MP: 2/2
   792 | D:1      | Reached XP level 3. HP: 20/24 MP: 3/3
  1267 | D:2      | Reached ** piety under Trog
  1502 | D:2      | Reached XP level 4. HP: 24/29 MP: 4/4
  2391 | D:3      | Noticed Sigmund
  2406 | D:3      | Killed Sigmund
  2407 | D:3      | Reached skill level 1 in Short Blades
  2407 | D:3      | Reached XP level 5. HP: 15/34 MP: 5/5
  2407 | D:3      | Reached XP level 6. HP: 17/39 MP: 6/6
  2778 | D:3      | Noticed Natasha
  2792 | D:3      | Killed Natasha
  2910 | D:3      | Noticed Natasha
  2916 | D:3      | Killed Natasha
  3150 | D:3      | Noticed Natasha
  3158 | D:3      | Killed Natasha
  3526 | D:4      | Reached XP level 7. HP: 26/44 MP: 7/7
  3749 | D:4      | Noticed Eustachio
  3764 | D:4      | Killed Eustachio
  3980 | D:4      | Reached skill level 5 in Fighting
  4225 | D:4      | Noticed Pikel
  4239 | D:4      | Killed Pikel
  4240 | D:4      | Reached skill level 5 in Armour
  4240 | D:4      | Reached skill level 1 in Stealth
  4240 | D:4      | Reached XP level 8. HP: 50/50 MP: 8/8
  4432 | D:5      | Entered Level 5 of the Dungeon
  4567 | D:5      | Found Saenecs's Assorted Antiques.
  4581 | D:5      | Found Wuipuchi's Assorted Antiques.
  4787 | D:4      | Reached skill level 5 in Short Blades
  4895 | D:5      | Found Dacizem's Weapon Emporium.
  5130 | D:5      | Bought a scroll labelled KOLESA TAUMACH for 30 gold pieces
  5192 | D:5      | Found Cijinah's Antique Armour Boutique.
  5205 | D:5      | Bought a shiny chain mail for 142 gold pieces
  5223 | D:5      | Noticed Grinder
  5248 | D:5      | Paralysed by Grinder for 2 turns
  5255 | D:5      | Paralysed by Grinder for 5 turns
  5278 | D:5      | Paralysed by Grinder for 5 turns
  5284 | D:5      | Killed Grinder
  5285 | D:5      | Reached XP level 9. HP: 55/55 MP: 9/9
  5880 | D:6      | Paralysed by an orc priest for 5 turns
  6599 | D:6      | Gained mutation: You expend magic power (3 MP) to
                  | strengthen your wands. [potion of mutation]
  6599 | D:6      | Gained mutation: You are partially covered in iridescent
                  | scales. (AC +2) [potion of mutation]
  6599 | D:6      | Gained mutation: You possess an exceptional clarity of
                  | mind. [potion of mutation]
  6665 | D:6      | Found a staircase to the Ecumenical Temple.
  6994 | D:7      | Noticed Duvessa
  7004 | D:7      | Killed Duvessa
  7038 | D:7      | Noticed Dowan
  7052 | D:7      | Killed Dowan
  7199 | D:7      | Reached skill level 1 in Maces & Flails
  7261 | D:7      | Noticed Maggie
  7271 | D:7      | Killed Maggie
  7272 | D:7      | Reached skill level 5 in Dodging
  7272 | D:7      | Reached XP level 10. HP: 63/63 MP: 10/10
  8053 | D:8      | Found a shadowy altar of Dithmenos.
  8056 | D:8      | Found a bloodstained altar of Trog.
  8242 | D:8      | Reached skill level 5 in Maces & Flails
  8385 | D:8      | Found Venlip's Antique Weapon Shoppe.
  8484 | D:8      | Found Roteisar's Antique Weapon Shop.
  8493 | D:8      | Bought an iridescent trident for 255 gold pieces
  8493 | D:8      | Identified the +9 trident of Luxury {antimagic, rF+ rCorr
                  | Str+3} (You bought it in a shop on level 8 of the Dungeon)
  8560 | D:8      | Found Xyepego's Weapon Emporium.
  8674 | D:8      | Found Ficzoali's Weapon Shop.
  8814 | D:9      | Noticed Psyche
  8818 | D:9      | Killed Psyche
  8932 | D:9      | Noticed Joseph
  8934 | D:9      | Found a staircase to the Lair.
  8934 | D:9      | Noticed an elephant
  8945 | D:9      | Reached skill level 1 in Polearms
  9002 | D:9      | Killed Joseph
  9017 | D:9      | Reached XP level 11. HP: 52/68 MP: 3/11
  9355 | D:9      | Found a staircase to the Orcish Mines.
  9461 | D:9      | Reached skill level 5 in Polearms
 10032 | D:9      | Noticed Grum
 10054 | D:9      | Killed Grum
 10151 | D:9      | Found a stormy altar of Qazlal.
 10568 | Lair:1   | Entered Level 1 of the Lair of Beasts
 10569 | Lair:1   | Identified a scroll of acquirement
 10569 | Lair:1   | Acquired a +6 ring of dexterity
 10744 | Lair:1   | Noticed a four-headed hydra
 10768 | Lair:1   | Killed a four-headed hydra
 10787 | Lair:1   | Reached XP level 12. HP: 25/76 MP: 4/12
 12659 | Lair:2   | Reached skill level 10 in Fighting
 12993 | Lair:2   | Found a staircase to the Snake Pit.
 14114 | Lair:2   | Noticed a death yak
 14118 | Lair:2   | Noticed a death yak
 14122 | Lair:2   | Noticed a death yak
 14123 | Lair:2   | Killed a death yak
 14124 | Lair:2   | Noticed a death yak
 14131 | Lair:2   | Killed a death yak
 14140 | Lair:2   | Killed a death yak
 14141 | Lair:2   | Reached skill level 10 in Polearms
 14153 | Lair:2   | Killed a death yak
 14154 | Lair:2   | Reached XP level 13. HP: 65/83 MP: 4/13
 14739 | Lair:3   | Found a shimmering altar of Xom.
 14774 | Lair:3   | Found a staircase to the Shoals.
 15292 | Lair:3   | Reached *** piety under Trog
 15630 | Lair:4   | Noticed Josephine
 16015 | Lair:4   | Killed Josephine
 16362 | Lair:4   | Paralysed by a floating eye for 2 turns
 16367 | Lair:4   | Paralysed by a floating eye for 4 turns
 16375 | Lair:4   | Paralysed by a floating eye for 2 turns
 16413 | Lair:4   | Paralysed by a floating eye for 2 turns
 16418 | Lair:4   | Paralysed by a floating eye for 3 turns
 16812 | Lair:4   | Paralysed by a floating eye for 2 turns
 17201 | Lair:3   | Reached skill level 1 in Evocations
 17857 | Lair:4   | Paralysed by a floating eye for 2 turns
 17863 | Lair:4   | Paralysed by a floating eye for 4 turns
 17875 | Lair:4   | Paralysed by a floating eye for 3 turns
 18395 | Lair:4   | Paralysed by a floating eye for 3 turns
 18845 | Lair:5   | Reached skill level 10 in Armour
 19169 | Lair:5   | Gained mutation: Your large and strong wings let you fly.
                  | [Gargoyle growth]
 19169 | Lair:5   | Reached XP level 14. HP: 68/91 MP: 4/14
 19694 | Lair:6   | Entered Level 6 of the Lair of Beasts
 19775 | Lair:6   | HP: 4/138 [dream sheep (9)]
 19775 | Lair:6   | HP: 1/138 [dream sheep (3)]
 19777 | Lair:6   | Slain by a dream sheep

Illustrated notes

Levels and vault maps discovered:
D:1:      eino_arrival_cavern_e, layout_basic,
          hellmonk_ecumenical_altar_lost_god,
          hangedman_abyss_or_decor_lesser_grid
D:2:      layout_basic, grunt_decor_resistance
D:3:      layout_loops_ring, minmay_misc_feat_ornament, uniq_natasha,
          uniq_sigmund
D:4:      layout_gridville, dreamdust_gnoll_farm, uniq_eustachio, uniq_pikel
D:5:      layout_cave_pools, serial_column_ruins, column_ruins_hut,
          column_ruins_grid_5, column_ruins_columns_dead_end,
          column_ruins_corridor_straight, column_ruins_corridor_corner,
          serial_shops, nicolae_shop_overgrown_old_shop, nicolae_stop_n_shop_1,
          shop_statue, nicolae_shop_bloodbath_and_beyond, uniq_grinder
D:6:      layout_gridville, minmay_temple_entry_trees, minmay_circle_x
D:7:      layout_loops_ring, uniq_maggie, uniq_duvessa
D:8:      layout_loops_ring, nicolae_overflow_squiral, serial_shops,
          nicolae_lakefront_shop, nicolae_shop_temple_entry_statues_fountains,
          shop, nicolae_shop_behind_doors
D:9:      layout_loops_ring, nicolae_qazlal_general_emergency,
          david_lair_generic, kennysheep_orc_monster_closet_entryway,
          uniq_psyche, uniq_joseph, uniq_grum
Lair:1:   layout_hall_layers, serial_bayou_crossing
Lair:2:   layout_long_grid, minmay_snake_entry_six_corridors
Lair:3:   lemuel_ratsnest, layout_concentric_octagons, elwin_shoals_entry_rocks,
          basic_altar, enter_volcano_4, grunt_megastairs_5, lemuel_fruit_fields
Lair:4:   layout_cave_shapes, disabler_island, lemuel_fruit_fields,
          uniq_josephine
Lair:5:   layout_cave_shapes, serial_rivers, chequers_serial_rivers_small_a,
          chequers_serial_rivers_micro_e, chequers_serial_rivers_micro_d,
          chequers_serial_rivers_small_3, chequers_serial_rivers_micro_e,
          chequers_serial_rivers_marsh, minivault_11, grunt_megastairs_2
Lair:6:   due_jungle_book, layout_regular_city, minmay_slime_entry_jelly_boxes,
          chequers_serial_rivers_marsh, serial_bayou_shore_a

Skill      XL: |  1  2  3  4  5  6  7  8  9 10 11 12 13 14 |
---------------+-------------------------------------------+-----
Axes           | 3 4 |  4.1
Fighting       | 4 5 6 7 8 9 10 11 12 | 12.0
Short Blades   | 1 2 4 5 7 |  7.1
Armour         | 3 4 5 6 7 8 9 10 | 10.1
Dodging        | 2 3 5 6 7 8 |  8.3
Stealth        | 1 2 3 4 |  4.0
Maces & Flails | 2 6 |  6.0
Polearms       | 3 7 10 12 | 12.3
Evocations     | 1 |  1.7
Throwing       | |  0.1

Action                   |  1- 3 |  4- 6 |  7- 9 | 10-12 | 13-15 || total
-------------------------+-------+-------+-------+-------+-------++-------
Melee: Hand axe          |   111 |     2 |       |       |       ||   113
       Punch             |     1 |     2 |     3 |    12 |     8 ||    26
       Short sword       |       |   155 |   279 |       |       ||   434
       Flail             |       |       |    37 |    89 |       ||   126
       Trident           |       |       |       |   649 |   502 ||  1151
Throw: Dart              |       |       |       |       |     4 ||     4
Invok: Berserk           |     1 |     4 |    13 |    10 |     7 ||    35
       Trog's Hand       |       |     3 |     6 |    22 |    15 ||    46
Evoke: Wand              |       |       |       |       |    17 ||    17
  Use: Scroll            |     4 |     3 |    16 |     9 |     3 ||    35
       Potion            |       |       |     2 |     1 |     1 ||     4
 Stab: Sleeping          |       |       |       |       |     1 ||     1
Armor: Animal skin       |     8 |       |       |       |       ||     8
       Scale mail        |    14 |       |       |       |       ||    14
       Ring mail         |    37 |    91 |   242 |   525 |   331 ||  1226
Dodge: Dodged            |    65 |   127 |   279 |   626 |   370 ||  1467

Table legend: (Time is in decaauts)
 A = Elapsed time spent in this place.
 B = Non-inter-level travel time spent in this place.
 C = Inter-level travel time spent in this place.
 D = Time resting spent in this place.
 E = Time spent auto-exploring this place.
 F = Levels seen in this place.
 G = Mean time per level.
                   A        B        C        D        E       F      G
               +--------+--------+--------+--------+--------+-----+--------+
         Total |  19931 |  19537 |    394 |   3578 |  11901 |  15 | 1328.7 |
       Dungeon |  10815 |  10582 |    233 |    968 |   7143 |   9 | 1201.7 |
          Lair |   9116 |   8955 |    161 |   2610 |   4758 |   6 | 1519.3 |
               +--------+--------+--------+--------+--------+-----+--------+

Top non-repeatable levels by time:
  Lair:3: 2290 daAuts
  Lair:2: 2090 daAuts
  Lair:4: 2078 daAuts
  Lair:1: 1709 daAuts
     D:9: 1540 daAuts
     D:4: 1356 daAuts
     D:8: 1279 daAuts
     D:1: 1210 daAuts
     D:7: 1166 daAuts
     D:3: 1132 daAuts
     D:5: 1088 daAuts
     D:6: 1027 daAuts
     D:2: 1013 daAuts
  Lair:5: 880 daAuts
  Lair:6: 67 daAuts
